 Dungeon Crawl Stone Soup version 0.31-a0-1511-g961fd35ebc (webtiles) character file.

Game seed: 17605090207383798299

116673 PlayingRandomsOnly the Basher (level 16, -4/249 HPs)
             Began as a Troll Alchemist on Dec 30, 2023.
             Was a High Priest of Trog.
             Slain by a black mamba (10 damage)
             ... on level 1 of the Snake Pit.
             The game lasted 03:27:31 (28364 turns).

PlayingRandomsOnly the Basher (Troll Alchemist)    Turns: 28364, Time: 03:27:32

Health: -4/249     AC: 15    Str: 24    XL:     16   Next: 21%
Magic:  0/16       EV: 11    Int: 13    God:    Trog [*****.]
Gold:   838        SH:  0    Dex: 10    Spells: 13/17 levels left

rFire   . . .        b - +5 morningstar
rCold   . . .        (no shield)
rNeg    . . .        K - +0 swamp dragon scales
rPois   +            Z - +2 hat {Stlth+}
rElec   .            X - +0 cloak
rCorr   .            (gloves unavailable)
SInv    .            (boots unavailable)
Will    +....        r - amulet of guardian spirit Stlth
                     g - ring of flight
HPRegen 1.41/turn    y - +4 ring of slaying
MPRegen 0.15/turn

%: guardian spirit
@: berserking, flying, very quick
A: large, unfitting armour, claws 3, regeneration 1, shaggy fur 1, tough skin 1
a: Renounce Religion, Berserk, Trog's Hand, Brothers in Arms


You were on level 1 of the Snake Pit.
You worshipped Trog.
Trog was extremely pleased with you.
You visited 5 branches of the dungeon, and saw 24 of its levels.
You also visited: Ossuary and Gauntlet.

You collected 2381 gold pieces.
You spent 1543 gold pieces at shops.

Inventory:

Hand Weapons
 a - the +7 mace of Instinct {antimagic, Fly rPois Int+3}
   (You found it on level 4 of the Dungeon)

   Int+3:     It affects your intelligence (+3).
   rPois:     It protects you from poison Fly: It grants you flight.
 b - a +5 morningstar (weapon)
 B - a +2 heavy giant club
Missiles
 l - 18 boomerangs
 E - 2 curare-tipped darts
 G - 3 silver javelins
 M - 5 throwing nets
 N - 10 javelins
 V - 31 large rocks (quivered)
Armour
 i - an orb of guile
 K - +0 swamp dragon scales (worn)
 X - a +0 cloak (worn)
 Z - a +2 hat of stealth (worn)
Jewellery
 g - a ring of flight (left claw)
 h - a ring of resist corrosion
 k - a ring of protection from fire
 o - a +6 ring of strength
 r - an amulet of guardian spirit (around neck)
 y - a +4 ring of slaying (right claw)
 C - a ring of positive energy
 Y - a ring of ice
Wands
 f - a wand of roots (3)
 q - a wand of digging (9)
 t - a wand of polymorph (15)
 D - a wand of acid (4)
Scrolls
 j - 2 scrolls of noise
 p - 2 scrolls of torment
 v - 4 scrolls of teleportation
 w - 2 scrolls of poison
 x - 3 scrolls of enchant armour
 F - a scroll of silence
 L - a scroll of revelation
 Q - a scroll of fear
 S - 2 scrolls of fog
 U - a scroll of enchant weapon
 W - 2 scrolls of immolation
Potions
 c - a potion of heal wounds
 d - 5 potions of berserk rage
 e - 6 potions of haste
 m - 9 potions of curing
 n - a potion of ambrosia
 z - 2 potions of invisibility
 I - 2 potions of magic
 P - 2 potions of might
 R - 2 potions of enlightenment
 T - a potion of resistance
Miscellaneous
 s - a phial of floods (inert)
 A - a sack of spiders
 H - a condenser vane (inert)
 J - a lightning rod (inert)
 O - a phantom mirror (inert)


   Skills:
 - Level 12.3 Fighting
 - Level 14.0 Maces & Flails
 - Level 13.4 Throwing
 + Level 8.6 Armour
 + Level 8.6 Dodging
 - Level 1.0 Stealth
 - Level 1.2 Spellcasting
 - Level 0.6 Conjurations
 - Level 2.1 Alchemy
 - Level 5.0 Evocations


You had 13 spell levels left.
You knew the following spells:

 Your Spells              Type           Power      Damage    Failure   Level
a - Sting                 Conj/Alch      16%        1d4       22%         1
b - Mephitic Cloud        Conj/Alch/Air  3%         N/A       63%         3

Your spell library contained the following spells:

 Spells                   Type           Power      Damage    Failure   Level
 Mercury Vapours          Alch/Air       6%         N/A       36%         2
 Freeze                   Ice            0%         1d3       38%         1
 Momentum Strike          Conj/Tloc      2%         3d8       47%         2
 Blink                    Tloc           0%         N/A       52%         2
 Lesser Beckoning         Tloc           0%         N/A       52%         2
 Hailstorm                Conj/Ice       1%         3d5       71%         3
 Frozen Ramparts          Ice            0%         1d1       77%         3
 Tukima's Dance           Hex            0%         N/A       77%         3
 Olgreb's Toxic Radiance  Alch           6%         N/A       85%         4
 Sticky Flame             Fire/Alch      3%         2d4       95%         4
 Iskenderun's Mystic Bla  Conj/Tloc      1%         2d3       98%         4
 Dimensional Bullseye     Hex/Tloc       0%         N/A       99%         4


Dungeon Overview and Level Annotations

Branches:
Dungeon (15/15)            Temple (0/1) D:6            Lair (5/5) D:8
 Shoals (1/4) Lair:3        Snake (1/4) Lair:2        Slime (0/5) Lair:5
    Orc (2/2) D:10            Elf (0/3) Orc:2        Vaults (0/5) D:13
 Depths (0/4) D:15        Ossuary (visited)         Gauntlet (visited)

Altars:
Dithmenos
Fedhas
Nemelex Xobeh
Okawaru
Qazlal
Sif Muna
Trog
Vehumet
Yredelemnul
Zin

Shops:
D:8 *   Orc:2 =(**   Shoals:1 :

Annotations:
Lair:1 2 transporters, hitsuchi's ghost, journeyman TeAE


Innate Abilities, Weirdness & Mutations

You are too large for most types of armour.
You have claws for hands.
Your natural rate of healing is unusually fast.
You are covered in fur. (AC +1)
You have tough skin. (AC +1)


Message History

* * * LOW HITPOINT WARNING * * *
The shock serpent shocks you!
* * * LOW HITPOINT WARNING * * *
You impale the shock serpent!!
You kill the shock serpent!
Trog accepts your kill.
The air sparks with electricity, shocking you!
* * * LOW HITPOINT WARNING * * *
The shock serpent shoots out a bolt of lightning at you!
The bolt of electricity hits you!
* * * LOW HITPOINT WARNING * * *
The bolt of electricity hits you!
* * * LOW HITPOINT WARNING * * *
Your two-headed ogre misses the shock serpent.
Your two-headed ogre barely misses the shock serpent.
The salamander closely misses you.
You completely miss the black mamba.
The black mamba is lightly wounded.
The black mamba closely misses you. The naga mage casts a spell at you.
The bolt of poison hits the black mamba.
The bolt of poison hits you. You resist.
* * * LOW HITPOINT WARNING * * *
The shock serpent shoots out a bolt of lightning at you!
The bolt of electricity hits you!
* * * LOW HITPOINT WARNING * * *
The bolt of electricity hits you!
* * * LOW HITPOINT WARNING * * *
The black mamba bites you.
* * * LOW HITPOINT WARNING * * *
Your two-headed ogre hits the shock serpent with a +0 giant spiked club!
The shock serpent's electric aura discharges, shocking your two-headed ogre!
Your two-headed ogre closely misses the shock serpent.
The shock serpent bites you.
* * * LOW HITPOINT WARNING * * *
The shock serpent shocks you!
* * * LOW HITPOINT WARNING * * *
The salamander hits you but does no damage.
The black mamba bites you!
You die... #......P. .~. #......P .PP

....... ..P.
#.....#.....
#.....#.....
#.....N.~..P
#..OSS.N[...
#..@# #...##
##.. ##. ##


You could see a salamander, a shock serpent (ally target), a black mamba, a naga
and a friendly two-headed ogre (summoned, berserk).

Vanquished Creatures
  Gastronok (D:10)
  2 krakens (Shoals:1)
  A storm dragon (Shoals:1)
  A fire giant (D:15)
  A reaper (Gauntlet)
  A merfolk impaler (Shoals:1)
  A fire dragon (Lair:5)
  A merfolk javelineer (Shoals:1)
  Erica (Orc:1)
  Fannar (D:10)
  A death knight (D:15)
  3 vault guards (D:13)
  5 hydras
  2 merfolk aquamancers (Shoals:1)
  A merfolk avatar (Shoals:1)
  5 two-headed ogres
  A catoblepas (D:13)
  7 boulder beetles
  4 death yaks
  5 centaur warriors
  3 tengu warriors
  An occultist (D:15)
  3 orc high priests (Orc:2)
  A shock serpent (Snake:1)
  6 skeletal warriors
  3 skysharks
  A fire crab (Lair:5)
  A sea snake (Shoals:1)
  A phantasmal warrior (D:15)
  Pikel (D:8)
  2 oklob plants
  4 orc knights
  5 harpies (Shoals:1)
  An arcanist (D:8)
  5 deep elf pyromancers
  5 ugly things
  6 manticores
  7 orc sorcerers
  A faun (Shoals:1)
  8 cyclopes
  4 kobold blastminers (Orc:2)
  A naga mage (Snake:1)
  5 merfolk sirens (Shoals:1)
  8 elephants
  9 black mambas
  2 gargoyles
  A minotaur zombie (Gauntlet)
  8 cane toads
  2 molten gargoyles (Lair:5)
  3 unseen horrors
  Maggie (D:7)
  A kobold demonologist (D:11)
  An efreet (D:13)
  9 komodo dragons
  A rime drake (Lair:2)
  A yaktaur (D:10)
  22 merfolk (Shoals:1)
  6 tengu conjurers
  2 hellwings (Gauntlet)
  2 wind drakes
  A hornet (D:9)
  6 trolls
  A hornet (shapeshifter) (D:14)
  5 dream sheep
  2 snapping turtles (Shoals:1)
  4 blink frogs (Lair:3)
  9 slime creatures
  2 vampires
  4 wraiths
  10 wyverns
  34 yaks
  Eustachio (D:4)
  A shadow (D:11)
  A steam dragon (D:9)
  14 vampire mosquitoes
  9 basilisks
  A naga (Lair:2)
  3 acid dragons
  14 water moccasins
  4 hell hounds (Lair:5)
  An ice beast (D:6)
  15 wolves
  8 ogres
  20 orc warriors
  A sky beast (D:8)
  9 centaurs
  3 phantoms (D:5)
  2 lemures (D:8)
  5 kobold brigands
  Blork the orc (D:4)
  17 bullfrogs
  A scorpion (D:5)
  11 wights
  9 killer bees
  2 electric eels
  4 howler monkeys
  3 lava snakes (Lair:5)
  A bullfrog zombie (Ossuary)
  16 orc priests
  7 jellies
  3 bombardier beetles (D:5)
  6 hounds
  2 gnoll boudas
  9 mummies (Ossuary)
  Ijyb (D:4)
  3 sleepcaps
  5 iguanas
  29 orc wizards
  4 hell rats (Lair:1)
  2 killer bee zombies (Ossuary)
  2 crocodile zombies (Ossuary)
  5 hound zombies (Ossuary)
  A boggart simulacrum (D:13)
  8 gnolls
  3 howler monkey zombies (Ossuary)
  5 adders
  A shadow imp (Gauntlet)
  5 white imps
  3 ufetubi
  2 ribbon worms (D:3)
  78 orcs
  8 ball pythons
  21 endoplasms
  3 giant cockroaches
  4 hobgoblins
  4 jackals (D:3)
  A quokka (D:4)
  3 ball python zombies (Ossuary)
  8 bats
  5 frilled lizards
  10 goblins
  23 kobolds
  4 rats
  A butterfly (Lair:3)
733 creatures vanquished.

Vanquished Creatures (collateral kills)
  Frances (D:14)
  A minotaur (Gauntlet)
  A vault guard (D:13)
  A death knight (D:8)
  An anaconda (Snake:1)
  A merfolk aquamancer (Shoals:1)
  A shock serpent (Snake:1)
  A skeletal warrior (D:11)
  2 kobold blastminers (Orc:1)
  2 elephants (Lair:4)
  A merfolk (Shoals:1)
  A vampire (D:10)
  3 yaks (Lair:4)
  An ogre (Orc:1)
  An orc (Orc:1)
19 creatures vanquished.

Vanquished Creatures (others)
  A sky beast (D:8)
  An orc priest (Orc:2)
  2 orc wizards
  An orc (D:13)
  77 tentacles (Shoals:1)
82 creatures vanquished.

Grand Total: 834 creatures vanquished

Notes
Turn   | Place    | Note
-------+----------+-------------------------------------------
     0 | D:1      | PlayingRandomsOnly the Troll Alchemist began the quest for
                  | the Orb.
     0 | D:1      | Reached XP level 1. HP: 16/16 MP: 1/1
   122 | D:1      | Reached skill level 1 in Fighting
   186 | D:1      | Reached XP level 2. HP: 25/27 MP: 2/2
  1058 | D:3      | Reached XP level 3. HP: 30/35 MP: 3/3
  1072 | D:3      | Learned a level 3 spell: Mephitic Cloud
  1851 | D:3      | Reached XP level 4. HP: 37/45 MP: 4/4
  2607 | D:4      | Identified the +7 mace of Instinct {antimagic, Fly rPois
                  | Int+3}
  2630 | D:4      | Noticed Eustachio
  2651 | D:4      | Noticed Ijyb
  2684 | D:4      | Killed Ijyb
  2685 | D:4      | Reached skill level 1 in Maces & Flails
  2730 | D:4      | Noticed an ogre
  2876 | D:4      | You are sucked into a shaft and drop 2 floors!
  2887 | D:5      | Entered Level 5 of the Dungeon
  2909 | D:5      | Reached skill level 2 in Maces & Flails
  2909 | D:5      | Reached XP level 5. HP: 53/53 MP: 1/5
  3030 | D:5      | Reached skill level 3 in Maces & Flails
  3130 | D:5      | Noticed a phantom
  3154 | D:5      | Killed a phantom
  3155 | D:5      | Reached XP level 6. HP: 52/62 MP: 2/6
  3248 | D:5      | Reached skill level 4 in Maces & Flails
  3400 | D:5      | Reached XP level 7. HP: 62/71 MP: 2/7
  3486 | D:5      | Found a sand-covered staircase.
  3491 | Ossuary  | Entered an ossuary
  3527 | Ossuary  | Reached skill level 5 in Maces & Flails
  3535 | Ossuary  | Reached skill level 5 in Fighting
  3749 | Ossuary  | Reached XP level 8. HP: 78/80 MP: 2/8
  4026 | D:5      | Reached skill level 6 in Maces & Flails
  4473 | D:5      | Found a bloodstained altar of Trog.
  4481 | D:5      | Became a worshipper of Trog the Wrathful
  4886 | D:4      | Noticed Blork the orc
  4907 | D:4      | Killed Blork the orc
  5212 | D:4      | Killed Eustachio
  5288 | D:6      | Found a glowing silver altar of Zin.
  6006 | D:6      | Found a staircase to the Ecumenical Temple.
  6043 | D:6      | Reached skill level 7 in Maces & Flails
  6043 | D:6      | Reached XP level 9. HP: 66/89 MP: 3/9
  6121 | D:6      | Reached * piety under Trog
  6318 | D:6      | Found a blossoming altar of Fedhas.
  6320 | D:6      | Found a basalt altar of Yredelemnul.
  6320 | D:6      | Found an iron altar of Okawaru.
  6575 | D:6      | Found a stormy altar of Qazlal.
  6585 | D:6      | Found a shadowy altar of Dithmenos.
  7041 | D:7      | Found a shimmering blue altar of Sif Muna.
  7232 | D:7      | Reached skill level 5 in Throwing
  7614 | D:7      | Noticed Maggie
  7631 | D:7      | Killed Maggie
  7734 | D:7      | Reached ** piety under Trog
  8011 | D:8      | Noticed a troll
  8011 | D:8      | Noticed a death knight
  8132 | D:8      | Found a staircase to the Lair.
  8356 | D:8      | Killed an unseen horror
  8357 | D:8      | Reached XP level 10. HP: 73/102 MP: 10/10
  8478 | D:8      | Noticed an arcanist
  8493 | D:8      | Killed an arcanist
  8494 | D:8      | Reached skill level 1 in Armour
  8820 | D:8      | Found Pixogej's General Store.
  8820 | D:8      | Noticed Pikel
  8825 | D:8      | Killed Pikel
  8831 | D:8      | Bought a phantom mirror for 520 gold pieces
  9022 | D:8      | Killed a death knight
  9023 | D:8      | Reached skill level 5 in Dodging
  9128 | Lair:1   | Entered Level 1 of the Lair of Beasts
  9244 | Lair:1   | Noticed an oklob plant
  9253 | Lair:1   | Reached skill level 5 in Armour
  9298 | Lair:1   | Killed an oklob plant
  9387 | Lair:1   | Found a transporter.
  9392 | Lair:1   | Found a bloodstained altar of Trog.
  9392 | Lair:1   | Noticed hitsuchi's ghost (journeyman TeAE)
  9392 | Lair:1   | Noticed a spriggan berserker
  9392 | Lair:1   | Noticed a spriggan rider
  9396 | Lair:1   | Found a transporter.
  9399 | Lair:1   | Noticed a moth of wrath
  9400 | Lair:1   | Noticed a moth of wrath
  9443 | Lair:1   | Noticed a skyshark
  9469 | Lair:1   | Killed a skyshark
  9470 | Lair:1   | Reached XP level 11. HP: 109/109 MP: 11/11
  9546 | Lair:1   | Reached *** piety under Trog
  9751 | Lair:1   | Reached skill level 8 in Maces & Flails
 11199 | D:10     | Entered Level 10 of the Dungeon
 11441 | D:10     | Reached skill level 9 in Maces & Flails
 11618 | D:10     | Noticed a two-headed ogre
 11626 | D:10     | Reached **** piety under Trog
 11650 | D:10     | Killed a two-headed ogre
 11706 | D:10     | Noticed Gastronok
 11768 | D:10     | Noticed Fannar
 11804 | D:10     | Killed Fannar
 11821 | D:10     | Found a radiant altar of Vehumet.
 12098 | Lair:2   | Reached XP level 12. HP: 124/124 MP: 7/12
 12103 | Lair:2   | Reached skill level 10 in Maces & Flails
 12264 | Lair:2   | Reached skill level 10 in Fighting
 12365 | Lair:2   | Reached skill level 1 in Evocations
 12549 | Lair:2   | Found a staircase to the Snake Pit.
 13026 | Lair:2   | Found a radiant altar of Vehumet.
 13281 | Lair:3   | Noticed a boulder beetle
 13342 | Lair:3   | Reached skill level 5 in Evocations
 13420 | Lair:3   | Noticed a seven-headed hydra
 13662 | Lair:3   | Reached skill level 11 in Maces & Flails
 13683 | Lair:3   | Killed a boulder beetle
 13703 | Lair:3   | Found a gate leading to a gauntlet.
 13722 | Gauntlet | Entered a Gauntlet
 13722 | Gauntlet | Found a transporter.
 13740 | Gauntlet | Noticed a tengu warrior
 13745 | Gauntlet | Found a transporter.
 13747 | Gauntlet | Found a transporter.
 13749 | Gauntlet | Found a transporter.
 13768 | Gauntlet | Found a large runed translucent door.
 13769 | Gauntlet | Found a large runed translucent door.
 13770 | Gauntlet | Found a large runed translucent door.
 13770 | Gauntlet | Found a large runed translucent door.
 13770 | Gauntlet | Found a runed translucent door.
 13770 | Gauntlet | Found a runed translucent door.
 13771 | Gauntlet | Found a large runed translucent door.
 13772 | Gauntlet | Found a large runed translucent door.
 13773 | Gauntlet | Found a large runed translucent door.
 13773 | Gauntlet | Found a large runed translucent door.
 13774 | Gauntlet | Found a runed translucent gate.
 13774 | Gauntlet | Found a runed translucent gate.
 13774 | Gauntlet | Found a runed translucent gate.
 13776 | Gauntlet | Found a transporter.
 13785 | Gauntlet | Found a large runed translucent door.
 13785 | Gauntlet | Found a large runed translucent door.
 13786 | Gauntlet | Found a large runed translucent door.
 13787 | Gauntlet | Found a large runed translucent door.
 13791 | Gauntlet | Found a transporter.
 13797 | Gauntlet | Found a transporter.
 13806 | Gauntlet | Noticed a six-headed hydra
 13814 | Gauntlet | Found a transporter.
 13831 | Gauntlet | Found a transporter.
 13861 | Gauntlet | Found a transporter.
 13873 | Gauntlet | Found a transporter.
 13883 | Gauntlet | Noticed a death yak
 13885 | Gauntlet | Found a transporter.
 13885 | Gauntlet | Noticed a death yak
 13885 | Gauntlet | Noticed a death yak
 13886 | Gauntlet | Noticed a death yak
 13897 | Gauntlet | Found a transporter.
 13900 | Gauntlet | Noticed a reaper
 13914 | Gauntlet | Found a transporter.
 13931 | Gauntlet | Found a transporter.
 13933 | Gauntlet | Found a transporter.
 13998 | Gauntlet | Found a large runed translucent door.
 14004 | Gauntlet | Found a large runed translucent door.
 14012 | Gauntlet | Found a large runed translucent door.
 14012 | Gauntlet | Found a large runed translucent door.
 14020 | Gauntlet | Found a transporter.
 14022 | Gauntlet | Found a transporter.
 14059 | Gauntlet | Killed a tengu warrior
 14115 | Gauntlet | Killed a reaper
 14116 | Gauntlet | Reached XP level 13. HP: 126/133 MP: 13/13
 14130 | Gauntlet | Reached skill level 12 in Maces & Flails
 14156 | Gauntlet | Identified the amulet of Symmetry {RegenMP rPois Int+3}
 14211 | Gauntlet | Noticed a minotaur
 14220 | Gauntlet | Killed a minotaur
 14775 | Lair:3   | Found a staircase to the Shoals.
 15227 | Lair:5   | Entered Level 5 of the Lair of Beasts
 15236 | Lair:5   | Reached skill level 13 in Maces & Flails
 15963 | Lair:5   | Reached skill level 14 in Maces & Flails
 16164 | Lair:5   | Found a staircase to the Slime Pits.
 16593 | Lair:5   | Noticed a fire dragon
 16747 | Lair:5   | Found a large runed translucent door.
 16748 | Lair:5   | Found a large runed translucent door.
 17164 | Lair:5   | Killed a fire dragon
 17165 | Lair:5   | Reached XP level 14. HP: 143/143 MP: 9/14
 17171 | Lair:5   | Identified the staff of Parts Unknown {Fly rElec rPois
                  | Str-3 Ice Air}
 17582 | D:10     | Found a staircase to the Orcish Mines.
 17717 | D:10     | Killed Gastronok
 17746 | D:10     | Found a sparkling altar of Nemelex Xobeh.
 17976 | D:10     | Found a staircase to the Orcish Mines.
 18168 | D:10     | Found a sparkling altar of Nemelex Xobeh.
 18216 | D:10     | Found a radiant altar of Vehumet.
 18488 | Orc:1    | Entered Level 1 of the Orcish Mines
 18530 | Orc:2    | Entered Level 2 of the Orcish Mines
 18546 | Orc:2    | Found a staircase to the Elven Halls.
 18987 | Orc:1    | Noticed Erica
 19480 | Orc:2    | Reached skill level 10 in Throwing
 19591 | Orc:2    | Found Zaosk's Assorted Antiques.
 19591 | Orc:2    | Found Seaxufok's Assorted Antiques.
 19596 | Orc:2    | Found Unuenoh's Weapon Emporium.
 19596 | Orc:2    | Found Seisust's Jewellery Boutique.
 19602 | Orc:2    | Bought a scroll of identify for 78 gold pieces
 19611 | Orc:2    | Bought a scroll of identify for 46 gold pieces
 19611 | Orc:2    | Bought a scroll of identify for 46 gold pieces
 19619 | Orc:2    | Bought a scroll of blinking for 292 gold pieces
 19619 | Orc:2    | Bought a wand of paralysis (6) for 561 gold pieces
 19677 | Orc:1    | Killed Erica
 21809 | D:13     | Found a gate to the Vaults.
 21815 | D:13     | Reached XP level 15. HP: 79/149 MP: 8/15
 22705 | Snake:1  | Entered Level 1 of the Snake Pit
 22757 | Shoals:1 | Entered Level 1 of the Shoals
 22987 | Shoals:1 | Found Mosseosm's Self-Improvement Boutique.
 23240 | Shoals:1 | Noticed a kraken
 23740 | Shoals:1 | Killed a kraken
 23779 | Shoals:1 | Noticed a kraken
 23942 | Shoals:1 | Killed a kraken
 24123 | Shoals:1 | Noticed a kraken
 24142 | Shoals:1 | Noticed a kraken
 25306 | Shoals:1 | a kraken changed into a storm dragon
 25306 | Shoals:1 | Noticed a storm dragon
 25325 | Shoals:1 | Killed a storm dragon
 26109 | D:14     | Reached ***** piety under Trog
 26201 | D:14     | Noticed Frances
 26208 | D:14     | Killed Frances
 26706 | D:15     | Entered Level 15 of the Dungeon
 26968 | D:15     | Reached XP level 16. HP: 107/166 MP: 10/16
 27250 | D:15     | Found a staircase to the Depths.
 27270 | D:15     | Received a gift from Trog
 28364 | Snake:1  | HP: 6/249 [shock serpent (12)]
 28364 | Snake:1  | Slain by a black mamba

Illustrated notes

Levels and vault maps discovered:
D:1:      minmay_arrival_open_corners, layout_loops_ring, minmay_tiny_reverse_x
D:2:      layout_basic, chequers_serial_rivers_large_a
D:3:      minmay_door_path, layout_loops_ring, hangedman_decor_push,
          kennysheep_nondescript, minivault_19
D:4:      layout_cave_pools, serial_co_window_serial, co_window_corner_a,
          co_window_of_opportunity_a, co_window_paths_a, co_window_corner_a,
          co_window_paths_a, co_window_unsneaky_path_e, co_window_2corner,
          co_window_corner_b, co_window_broadway_b, glass_columns_a,
          glass_columns_a, glass_columns_b, glass_columns_a, glass_columns_a,
          uniq_ijyb, uniq_blork_the_orc, uniq_eustachio
D:5:      layout_loops_ring, trog_book, enter_ossuary_5
D:6:      layout_loops_ring, minitemple, jmf_multi_god_temple2,
          minmay_temple_entry_glass, kennysheep_generic_room_7
D:7:      layout_gridville, kennysheep_orc_sif_temple, dreamdust_gnoll_shepherd,
          uniq_maggie
D:8:      layout_basic, lair_entry_dummy, serial_shops, shop_fountains,
          minmay_shattered_shrine, uniq_pikel
D:9:      layout_roguey
D:10:     layout_rooms, vehumet_crystals, david_orc_2, dk_noncrumbling_2,
          nrook_uturn, minmay_ruined_shrine, uniq_fannar, uniq_gastronok
D:11:     layout_stronghold
D:12:     layout_cave_pools
D:13:     layout_rooms, lightli_vaults_fourway_checkpoint, serial_ice,
          serial_ice_m, serial_ice_c, serial_ice_d, serial_ice_l
D:14:     layout_roguey [special_room_orc], small_statue_alley_a,
          grunt_ministairs_13, uniq_frances
D:15:     grunt_enter_depths_giant_problem, layout_layer_cave,
          kennysheep_pointless_box
Lair:1:   lemuel_slime, layout_cave_shapes, gammafunk_ghost_wrathful_warriors
Lair:2:   layout_regular_city, guppyfry_snake_entry_island, basic_altar,
          cheibrodos_lair_caveside_slide, serial_bayou_ford_a,
          patterned_corridor, serial_bayou_shore_b
Lair:3:   layout_chaotic_city, minmay_shoals_entry_beasts,
          gauntlet_entry_generic, lemuel_fruit_fields, grunt_megastairs_1
Lair:4:   layout_roguey
Lair:5:   cheibrodos_lair_end_hotspot, layout_loops_ring, slime_entry_1,
          minmay_hedge_maze, lemuel_fruit_fields
Shoals:1: nicolae_shoals_lighthouse, layout_shoals, nicolae_shop_self_help
Snake:1:  layout_onion_interference, special_room, ebering_ghost_inner_flame,
          nicolae_snake_snakes_in_the_grass, nicolae_triple_integral
Orc:1:    layout_diamond_mine, basic_altar, uniq_erica
Orc:2:    grunt_orc_tribal_feast, layout_caves

Skill      XL: |  1  2  3  4  5  6  7  8  9 10 11 12 13 14 15 16 |
---------------+-------------------------------------------------+-----
Fighting       | 1 2 3 4 5 6 7 9 10 12 | 12.3
Maces & Flails | 2 3 4 5 7 9 11 14 | 14.0
Dodging        | 2 3 5 6 7 8 |  8.6
Throwing       | 3 7 8 12 13 | 13.4
Armour         | 5 6 7 8 |  8.6
Evocations     | 5 |  5.0
Stealth        | |  1.0
Spellcasting   | |  1.2
Conjurations   | |  0.6
Alchemy        | |  2.1

Action                     |  1- 3 |  4- 6 |  7- 9 | 10-12 | 13-15 | 16-18 || total
---------------------------+-------+-------+-------+-------+-------+-------++-------
  Melee: Unarmed           |   129 |    55 |       |       |       |       ||   184
         Mace              |       |    80 |   308 |    36 |    94 |       ||   518
         Punch             |       |       |     4 |     7 |    17 |     3 ||    31
         Morningstar       |       |       |    94 |   728 |  1137 |    80 ||  2039
  Throw: Dart              |       |    10 |     6 |    31 |    37 |       ||    84
         Boomerang         |       |     5 |    13 |     6 |   132 |       ||   156
         Stone             |       |       |     8 |     4 |       |       ||    12
         Javelin           |       |       |       |     1 |    22 |       ||    23
         Large rock        |       |       |       |     1 |    94 |    22 ||   117
         Throwing net      |       |       |       |       |     1 |       ||     1
   Cast: Sting             |     4 |     7 |       |       |       |       ||    11
 Invoke: Berserk           |       |       |     2 |    19 |    33 |     2 ||    56
         Trog's Hand       |       |       |     2 |     6 |     7 |     2 ||    17
         Brothers in Arms  |       |       |       |       |     3 |     1 ||     4
  Evoke: Phantom mirror    |       |       |       |     2 |     3 |       ||     5
         Wand              |       |       |       |     2 |    20 |       ||    22
         Condenser vane    |       |       |       |       |     4 |       ||     4
         Lightning rod     |       |       |       |       |     5 |     4 ||     9
         Sack of spiders   |       |       |       |       |     3 |       ||     3
         Phial of floods   |       |       |       |       |     2 |       ||     2
    Use: Scroll            |       |     4 |     6 |    12 |    23 |       ||    45
         Potion            |       |     1 |     2 |       |    15 |       ||    18
   Stab: Sleeping          |       |     1 |     1 |       |     4 |       ||     6
         Paralysed         |       |       |       |       |    35 |       ||    35
 Armour: Robe              |    65 |   102 |   202 |       |       |       ||   369
         Skin              |       |     4 |       |       |       |       ||     4
         Swamp dragon scal |       |       |   156 |   706 |  1378 |    94 ||  2334
  Dodge: Dodged            |    47 |    73 |   196 |   387 |   654 |    46 ||  1403

Table legend: (Time is in decaauts)
 A = Elapsed time spent in this place.
 B = Non-inter-level travel time spent in this place.
 C = Inter-level travel time spent in this place.
 D = Time resting spent in this place.
 E = Time spent auto-exploring this place.
 F = Levels seen in this place.
 G = Mean time per level.
                   A        B        C        D        E       F      G
               +--------+--------+--------+--------+--------+-----+--------+
         Total |  28600 |  25426 |   3174 |   3830 |  10512 |  26 | 1100.0 |
       Dungeon |  17023 |  14983 |   2040 |   1717 |   6975 |  15 | 1134.9 |
          Lair |   6996 |   5988 |   1008 |   1080 |   2893 |   5 | 1399.2 |
        Shoals |   1952 |   1908 |     44 |    578 |    121 |   1 | 1952.0 |
     Snake Pit |     20 |     20 |      0 |      0 |      0 |   1 |   20.0 |
  Orcish Mines |   1463 |   1383 |     80 |    285 |    378 |   2 |  731.5 |
       Ossuary |    503 |    503 |      0 |     43 |    139 |   1 |  503.0 |
      Gauntlet |    642 |    642 |      0 |    125 |      6 |   1 |  642.0 |
               +--------+--------+--------+--------+--------+-----+--------+

Top non-repeatable levels by time:
Shoals:1: 1952 daAuts
    D:10: 1945 daAuts
  Lair:2: 1698 daAuts
  Lair:1: 1629 daAuts
  Lair:3: 1554 daAuts
  Lair:5: 1515 daAuts
     D:8: 1447 daAuts
     D:5: 1377 daAuts
    D:15: 1264 daAuts
     D:7: 1177 daAuts
    D:11: 1161 daAuts
     D:6: 1132 daAuts
    D:14: 1069 daAuts
     D:3: 1058 daAuts
   Orc:2: 1030 daAuts
